 Dungeon Crawl Stone Soup version 0.31.0-1-g2c135a0 (webtiles) character file.

Game seed: 17091435399976688039

125 jagoly the Trooper (level 5, 0/33 HPs)
             Began as a Gargoyle Monk on Jan 28, 2024.
             Slain by an orc wizard
             ... wielding a +0 dagger
              (3 damage)
             ... on level 3 of the Dungeon.
             The game lasted 00:05:05 (632 turns).

jagoly the Trooper (Gargoyle Monk)                   Turns: 632, Time: 00:05:05

Health: 0/33       AC:  8    Str: 17    XL:     5   Next: 9%
Magic:  5/5        EV: 12    Int:  8    God:
Gold:   73         SH:  0    Dex: 12    Spells: 4/4 levels left

rFire   + + .        a - +0 hand axe
rCold   . . .        d - orb {light}
rNeg    + . .        p - +1 robe "Ugusax" {Fly rPois rF++ Int-2}
rPois   ∞            q - +0 helmet
rElec   +            (no cloak)
rCorr   .            (no gloves)
SInv    .            (no boots)
Will    .....        (no amulet)
Stlth   +            (no ring)
HPRegen 0.25/turn    (no ring)
MPRegen 0.09/turn

%: no passive effects
@: flying, glowing
A: sickness immunity, AC +4, negative energy resistance 1, electricity
resistance, torment resistance 1, petrification resistance
a: no special abilities


You were on level 3 of the Dungeon.
You visited 1 branch of the dungeon, and saw 3 of its levels.

You collected 73 gold pieces.

Inventory:

Hand Weapons
 a - a +0 hand axe (weapon)
Missiles
 f - 22 stones (quivered)
Armour
 b - a +0 robe
 d - an orb of light (worn)
 i - a +0 leather armour
 p - the +1 robe "Ugusax" (worn) {Fly rPois rF++ Int-2}
   (You found it on level 2 of the Dungeon)

   Int-2:     It affects your intelligence (-2).
   rF++:      It greatly protects you from fire.
   rPois:     It protects you from poison Fly: It grants you flight.
 q - a +0 helmet (worn)
Scrolls
 g - a scroll of revelation {unknown}
 j - a scroll of immolation {unknown}
 m - 2 scrolls of identify {unknown}
 n - a scroll of amnesia {unknown}
Potions
 c - a potion of ambrosia
 e - a potion of heal wounds {unknown}
 h - a potion of brilliance {unknown}
 k - a potion of curing {unknown}
 l - 2 potions of lignification {unknown}
 o - a potion of mutation {unknown}


   Skills:
 + Level 4.0 Fighting
 * Level 4.0 Axes
 + Level 1.7 Armour
 - Level 2.4 Dodging
 - Level 2.0 Stealth


You had 4 spell levels left.
You didn't know any spells.
Your spell library contained the following spells:

 Spells                   Type           Power      Damage    Failure   Level
 Hailstorm                Conj/Ice       0%         3d5       78%         3
 Summon Ice Beast         Ice/Summ       0%         N/A       78%         3
 Sculpt Simulacrum        Ice/Alch       0%         N/A       100%        6


Dungeon Overview and Level Annotations

Branches:
Dungeon (3/15) Zot: 17350

Altars:
Okawaru

Shops:
D:2 ?


Innate Abilities, Weirdness & Mutations

You are immune to sickness and miasma.
Your stone body is resilient. (AC +4)
You are immune to poison.
You resist negative energy. (rN+)
You are resistant to electric shocks. (rElec)
You are resistant to unholy torment.
You are immune to petrification.


Message History

You barely miss the quokka. The quokka bites you.
You hit the quokka.
The quokka is almost dead.
The quokka closely misses you. x2
You barely miss the quokka.
The quokka is almost dead.
A frilled lizard comes into view.
The quokka bites you but does no damage.
You hit the quokka.
You kill the quokka!
You closely miss the frilled lizard.
The frilled lizard bites you but does no damage.
You closely miss the frilled lizard. The frilled lizard barely misses you.
The frilled lizard bites you but does no damage.
You hit the frilled lizard but do no damage.
The frilled lizard bites you.
You hit the frilled lizard.
You kill the frilled lizard!
No target in view!
No target in view!
You now have 31 gold pieces (gained 10).
f - 16 stones (gained 3)
Things that are here:
a +0 club; a +0 short sword; a quokka corpse
Found 2 stones.
There is a stone staircase leading down here.
You can't go up here!
You climb downwards.
The hobgoblin shouts!
Found a stone staircase leading down and a stone staircase leading up.
There is a stone staircase leading up here.
You hit the hobgoblin but do no damage. The hobgoblin barely misses you.
You hit the hobgoblin.
The hobgoblin is moderately wounded.
The hobgoblin misses you.
You hit the hobgoblin.
The hobgoblin is almost dead.
The hobgoblin barely misses you.
You hit the hobgoblin but do no damage.
The hobgoblin is almost dead.
The hobgoblin closely misses you.
You barely miss the hobgoblin.
The hobgoblin is almost dead.
The hobgoblin barely misses you.
You hit the hobgoblin but do no damage.
The hobgoblin is almost dead.
The hobgoblin barely misses you.
You barely miss the hobgoblin.
The hobgoblin is almost dead.
The hobgoblin closely misses you.
You hit the hobgoblin.
You kill the hobgoblin!
No target in view!
No target in view!
Found Toatacw's Magic Scroll Emporium.
There is an entrance to Toatacw's Magic Scroll Emporium here.
Unknown command.
You can access your shopping list by pressing '$'.
There is a dry fountain here.
There is a stone staircase leading up here.
You climb upwards.
The rat squeaks loudly.
The kobold shouts!
Found a scroll labelled MURE SODIQU.
There is a stone staircase leading down here.
A kobold comes into view. It is wielding a +0 short sword.
The rat bites you but does no damage.
You barely miss the rat. The rat bites you but does no damage.
You barely miss the rat. The rat bites you but does no damage.
You barely miss the rat. The rat bites you but does no damage.
You hit the rat.
You kill the rat!
You have reached level 3!
Your experience leads to an increase in your attributes!
Increase (S)trength, (I)ntelligence, or (D)exterity?
You feel stronger. x2
You hit the kobold.
You kill the kobold!
The kobold closely misses you.
You hit the kobold but do no damage. The kobold hits you but does no damage.
The kobold misses you.
You closely miss the kobold.
The kobold hits you with a +0 short sword.
You closely miss the kobold. The kobold hits you but does no damage.
You closely miss the kobold.
The kobold hits you with a +0 short sword.
You hit the kobold.
You kill the kobold!
n - a scroll labelled MURE SODIQU You open the door.
There is an open door here.
HP restored.
A ball python comes into view.
The ball python hisses angrily.
A dart slug comes into view.
Found a faded altar of an unknown god.
The ball python closely misses you. The ball python grabs you.
The ball python constricts you. The ball python barely misses you.
The ball python constricts you.
You hit the ball python.
You kill the ball python!
The dart slug launches a dart at you. The slug dart misses you.
Found a sling.
You hit the dart slug.
The dart slug is lightly wounded.
The dart slug bites you.
You hit the dart slug.
The dart slug is moderately wounded.
The dart slug launches a dart at you. The slug dart misses you.
You hit the dart slug.
The dart slug is heavily wounded.
The dart slug bites you but does no damage.
You hit the dart slug.
You kill the dart slug!
No target in view!
HP restored.
There is a faded altar of an unknown god here.
This altar belongs to (a) Yredelemnul, (b) Trog or (c) Lugonu, but you can't tell which.
Press the corresponding letter to learn more about a god, or press enter to convert or escape to cancel.
Okay, then.
Found 19 gold pieces.
You now have enough gold to buy a scroll of poison on D:2.
You can access your shopping list by pressing '$'.
You now have 50 gold pieces (gained 19).
You see here a ball python skeleton.
You open the door.
There is an open door here.
A quokka comes into view.
You see here 11 gold pieces.
You see here 11 gold pieces.
You now have 61 gold pieces (gained 11).
You hit the quokka.
The quokka is almost dead.
The quokka misses you. The quokka barely misses you.
You hit the quokka.
You kill the quokka!
No target in view!
Found 4 stones and a flux talisman.
Found a bubbling purple potion and 12 gold pieces.
You open the door.
There is an open door here.
f - 20 stones (gained 4)
o - a bubbling purple potion You now have 73 gold pieces (gained 12).
f - 22 stones (gained 2)
There is a stone staircase leading down here.
You climb downwards.
There is a stone staircase leading up here.
Found a twisted robe.
There is a stone staircase leading down here.
You climb downwards.
There is a stone staircase leading up here.
You climb upwards.
There is a stone staircase leading down here.
An endoplasm comes into view.
The endoplasm quivers.
You see here the +1 robe "Ugusax" {Fly rPois rF++ Int-2}.
Press: ? - help, v - describe, . - travel, g - get item Item here: the +1 robe "Ugusax" {Fly rPois rF++ Int-2}.
The floor.
This square is lit by a halo.
You start removing your armour.
You continue taking off your +0 leather armour. x3
The endoplasm completely misses you.
You continue taking off your +0 leather armour.
The endoplasm closely misses you.
You finish taking off your +0 leather armour.
You start putting on your armour.
You continue putting on the +1 robe "Ugusax" {Fly rPois rF++ Int-2}.
The endoplasm hits you.
You continue putting on the +1 robe "Ugusax" {Fly rPois rF++ Int-2}.
The endoplasm freezes you.
You are frozen.
You continue putting on the +1 robe "Ugusax" {Fly rPois rF++ Int-2}.
The endoplasm hits you.
You continue putting on the +1 robe "Ugusax" {Fly rPois rF++ Int-2}.
The endoplasm freezes you.
You are frozen.
You continue putting on the +1 robe "Ugusax" {Fly rPois rF++ Int-2}.
The endoplasm hits you.
You finish putting on the +1 robe "Ugusax" {Fly rPois rF++ Int-2}.
You feel stupid.
You fly up into the air.
You hit the endoplasm but do no damage. The endoplasm freezes you.
You are frozen.
* * * LOW HITPOINT WARNING * * *
Cleave: a) +0 hand axe
Press: ? - help, Dir - move target, f - endoplasm
Aim: an endoplasm (haloed, about 3% to evade your +0 hand axe)
You hit the endoplasm.
The endoplasm is almost dead.
The endoplasm freezes you.
You are frozen.
* * * LOW HITPOINT WARNING * * *
Cleave: a) +0 hand axe
Press: ? - help, Dir - move target, f/p - endoplasm
Aim: an endoplasm (almost dead, haloed, about 3% to evade your +0 hand axe)
You hit the endoplasm.
You kill the endoplasm!
There is a stone staircase leading down here.
You fly downwards.
There is a stone staircase leading up here.
Found a helmet.
A bat comes into view.
A dart slug comes into view.
The bat barely misses you.
You are too injured to fight recklessly!
You are too injured to fight recklessly!
You are too injured to fight recklessly!
You slash the bat!
You kill the bat!
Found a robe.
You slash the dart slug!
The dart slug is almost dead.
The dart slug launches a dart at you. The slug dart hits you.
* * * LOW HITPOINT WARNING * * *
You hit the dart slug.
You kill the dart slug!
You see here a dart slug corpse.
You see here a +0 helmet.
You start putting on your armour.
You continue putting on your +0 helmet. x4
You finish putting on your +0 helmet.
You reach down and open the door.
There is an open door here.
You reach down and open the door.
You reach down and open the door.
There is an open door here.
You reach down and open the door.
Found an iron altar of Okawaru.
There is an open door here.
You reach down and open the door.
There is an open door here.
You reach down and open the door.
As you open the door, it creaks loudly!
There is an open door here.
You reach down and open the door.
You reach down and open the door.
You reach down and open the door.
There is an open door here.
You reach down and open the door.
You reach down and open the door.
An orc comes into view. It is wielding a +0 club.
The orc shouts!
There is an open door here.
The orc misses you.
There is an open door here.
You hit the orc.
The orc is lightly wounded.
The orc barely misses you.
You hit the orc.
The orc is almost dead.
The orc barely misses you. The orc misses you.
You hit the orc but do no damage.
The orc is almost dead.
The orc hits you with a +0 club.
You hit the orc but do no damage.
The orc is almost dead.
The orc hits you but does no damage.
You barely miss the orc.
The orc is almost dead.
The orc hits you with a +0 club.
You hit the orc.
You kill the orc!
No target in view!
You see here a +0 club.
You reach down and open the door.
A giant cockroach comes into view.
A bat comes into view.
Found a scroll labelled PIULLECLEKI.
The giant cockroach closely misses you.
You hit the giant cockroach.
You kill the giant cockroach!
The bat hits you but does no damage.
You hit the bat but do no damage. The bat closely misses you.
You barely miss the bat. The bat closely misses you.
The bat hits you but does no damage.
You hit the bat.
You kill the bat!
No target in view!
No target in view!
You reach down and open the door.
There is an open door here.
You reach down and open the door.
There is an open door here.
An orc wizard comes into view. It is wielding a +0 dagger.
Found a scroll labelled ZUYPUXE NEERRU.
The orc wizard shouts!
You hear a shout!
An orc, 2 orc wizards and an orc priest come into view.
The orc shouts!
The orc wizard shouts!
The orc priest shouts!
You hear a shout!
The orc wizard casts a spell at you. You resist with significant effort.
An orc priest comes into view. It is wielding a +0 whip.
The orc priest shouts!
There is an open door here.
As you close the door, it creaks loudly!
Unknown command.
There is an open door here.
Something unseen opens the door.
You reach down and close the door.
A hobgoblin opens the door.
The orc wizard points at you and mumbles some strange words.
You are confused.
There is an open door here.
You bump into the crystal wall.
The hobgoblin throws a stone.
The stone barely misses you.
The hobgoblin throws a stone.
The stone barely misses you.
You barely miss the orc priest. You closely miss the hobgoblin.
The orc priest misses you. The hobgoblin misses you.
You hit the orc priest.
The orc priest is moderately wounded.
You hit the hobgoblin.
You feel less confused.
The orc priest hits you but does no damage.
The hobgoblin barely misses you.
You hit the orc priest.
The orc priest is heavily wounded.
You hit the hobgoblin.
You kill the hobgoblin!
The orc priest invokes the aid of Beogh against you.
Pain shoots through your body!
You hit the orc priest.
You kill the orc priest!
Your Armour skill increases to level 1!
You have reached level 4!
You feel stronger.
You hit the orc wizard but do no damage.
You hit the orc wizard.
The orc wizard is lightly wounded.
You hit the orc wizard. The orc wizard barely misses you.
The orc wizard hits you but does no damage.
You hit the orc wizard but do no damage.
The orc wizard is lightly wounded.
You hit the orc wizard. You hit the orc.
The orc wizard hits you with a +0 dagger.
The orc wizard closely misses you. The orc hits you with a +0 club.
The orc wizard hits you but does no damage. x2
The orc hits you with a +0 club.
You barely miss the orc wizard.
The orc wizard is lightly wounded.
You completely miss the orc wizard. You hit the orc. The orc barely misses you.
The orc wizard casts a spell at you.
You are confused.
The orc wizard hits you but does no damage.
The orc priest calls upon Beogh to heal the orc wizard.
The orc wizard's wounds heal themselves!
You closely miss the orc wizard.
You hit the orc wizard but do no damage.
You hit the orc but do no damage.
The orc wizard hits you but does no damage.
The orc wizard mumbles some strange words.
The orc wizard flickers and vanishes for a moment.
The orc wizard hits you but does no damage.
You hit the orc wizard.
The orc wizard is moderately wounded.
You hit the orc wizard but do no damage.
You hit the orc but do no damage.
The orc wizard hits you but does no damage.
The orc closely misses you.
The orc wizard gestures at you while chanting.
You are more confused.
You barely miss the orc wizard.
The orc wizard is moderately wounded.
You hit the orc wizard. You hit the orc.
The orc wizard hits you but does no damage.
The orc wizard misses you.
You closely miss the orc wizard.
The orc wizard is moderately wounded.
You miss the orc wizard. You hit the orc but do no damage.
The orc closely misses you. The orc wizard barely misses you. x2
You hit the orc wizard.
The orc wizard is severely wounded.
You closely miss the orc wizard. You closely miss the orc.
The orc wizard barely misses you. The orc hits you but does no damage.
The orc wizard hits you but does no damage.
You miss the orc wizard.
The orc wizard is severely wounded.
You barely miss the orc wizard. You closely miss the orc.
The orc wizard hits you but does no damage. x2
You barely miss the orc wizard.
The orc wizard is severely wounded.
You completely miss the orc wizard. You closely miss the orc.
The orc wizard misses you.
The orc wizard hits you with a +0 dagger.
The orc barely misses you. The orc wizard barely misses you.
The orc wizard hits you but does no damage.
You slash the orc wizard!
You kill the orc wizard!
You hit the orc.
You kill the orc!
You hit the orc wizard. The orc wizard barely misses you.
Training target 2.0 for Stealth reached!
Your Stealth skill increases to level 2!
The orc wizard hits you with a +0 dagger.
The orc wizard attacks as it pursues you!
The orc wizard hits you but does no damage.
You hit the orc priest.
The orc priest is moderately wounded.
You closely miss the orc wizard. x2; The orc wizard closely misses you.
The orc priest calls down the wrath of Beogh upon you.
Beogh smites you!
* * * LOW HITPOINT WARNING * * *
The orc wizard closely misses you.
You hit the orc priest but do no damage.
The orc priest is moderately wounded.
You closely miss the orc wizard. You barely miss the orc wizard.
The orc wizard hits you but does no damage.
The orc priest looks satisfied for a moment.
The orc wizard gestures at you while chanting.
You resist with some effort.
You barely miss the orc wizard.
You hit the orc wizard but do no damage.
You barely miss the orc priest.
You feel less confused.
The orc wizard gestures at you while chanting.
You resist with some effort. The orc priest barely misses you.
The orc wizard closely misses you.
You hit the orc priest.
The orc priest is severely wounded.
You hit the orc wizard. x2
The orc wizard points at you and mumbles some strange words.
You are confused.
The orc priest closely misses you.
The orc wizard hits you with a +0 dagger.
* * * LOW HITPOINT WARNING * * *
You hit the orc priest.
The orc priest is almost dead.
You hit the orc wizard.
You hit the orc wizard but do no damage.
The orc wizard hits you but does no damage.
The orc priest hits you with a +0 whip.
* * * LOW HITPOINT WARNING * * *
The orc wizard hits you but does no damage.
You hit the orc priest.
You kill the orc priest!
You hit the orc wizard but do no damage.
You miss the orc wizard. The orc wizard barely misses you. x2
Your Fighting skill increases to level 4!
Your Axes skill increases to level 4!
You have reached level 5!
You hit the orc wizard.
The orc wizard is moderately wounded.
You barely miss the orc wizard.
The orc wizard points at you and mumbles some strange words.
The magic dart hits you but does no damage.
The orc wizard barely misses you.
The orc wizard casts a spell.
The orc wizard flickers and vanishes for a moment.
The orc wizard hits you but does no damage.
Items here: ))) [[[ †.
You slash the orc wizard!
The orc wizard is severely wounded.
The orc wizard barely misses you.
The orc wizard points at you and mumbles some strange words.
You are more confused.
You bump into the crystal wall.
The orc wizard hits you with a +0 dagger.
* * * LOW HITPOINT WARNING * * *
The orc wizard hits you with a +0 dagger.
* * * LOW HITPOINT WARNING * * *
You bump into the crystal wall.
The orc wizard casts a spell at you. You resist with some effort.
The orc wizard barely misses you. The orc wizard misses you.
The orc wizard hits you with a +0 dagger.
* * * LOW HITPOINT WARNING * * *
You're too confused to move!
The orc wizard closely misses you. The orc wizard casts a spell at you.
You resist with some effort.
You closely miss the orc wizard.
The orc wizard is severely wounded.
You miss the orc wizard. The orc wizard closely misses you.
The orc wizard hits you with a +0 dagger.
* * * LOW HITPOINT WARNING * * *
The orc wizard barely misses you.
You barely miss the orc wizard.
The orc wizard is severely wounded.
You closely miss the orc wizard.
The orc wizard hits you but does no damage.
The orc wizard closely misses you. The orc wizard closely misses you.
The orc wizard misses you.
Items here: ))) [[[ †.
You miss the orc wizard.
The orc wizard is severely wounded.
You hit the orc wizard.
The orc wizard hits you but does no damage. x2
You bump into the crystal wall.
You feel less confused.
The orc wizard hits you but does no damage. x2
You hit the orc wizard but do no damage.
The orc wizard is almost dead.
You completely miss the orc wizard.
The orc wizard hits you with a +0 dagger.
* * * LOW HITPOINT WARNING * * *
The orc wizard misses you.
You hit the orc wizard but do no damage.
The orc wizard is almost dead.
You barely miss the orc wizard.
The orc wizard hits you with a +0 dagger.
You die...

#.......# ######.......#
.........##.†.####
................<#
.....###.......###
.....#.........#
###'##+##'###..#
#####.....#.o...#..# #
#...#.....#@o...#..#
#....?#.+##'##'##)##'..#
#..?..###..#.....#..##.#
#..... #..#+###'#..# #
.o.o....##..#.....#..#
o...o.o..'..+.._..'..+
o.##.....#.†#.....#..#
.# #.....#..#o###+#..# #
#.... #.)#o....#..##.#


You could see 2 orc wizards.

Vanquished Creatures
  2 orc priests (D:3)
  An orc wizard (D:3)
  2 dart slugs
  2 orcs (D:3)
  4 ball pythons (D:1)
  2 bats (D:3)
  3 endoplasms
  2 giant cockroaches
  2 hobgoblins
  8 kobolds (D:1)
  3 quokkas (D:1)
  A frilled lizard (D:1)
  3 goblins (D:1)
  4 rats (D:1)
39 creatures vanquished.

Notes
Turn   | Place    | Note
-------+----------+-------------------------------------------
     0 | D:1      | jagoly the Gargoyle Monk began the quest for the Orb.
     0 | D:1      | Reached XP level 1. HP: 14/14 MP: 1/1
    60 | D:1      | Reached XP level 2. HP: 11/19 MP: 2/2
   111 | D:1      | Reached skill level 1 in Stealth
   257 | D:2      | Found Toatacw's Magic Scroll Emporium.
   280 | D:1      | Reached XP level 3. HP: 23/23 MP: 3/3
   312 | D:1      | Found a faded altar of an unknown god.
   471 | D:2      | Identified the +1 robe "Ugusax" {Fly rPois rF++ Int-2}
   524 | D:3      | Found an iron altar of Okawaru.
   600 | D:3      | Reached skill level 1 in Armour
   600 | D:3      | Reached XP level 4. HP: 23/29 MP: 4/4
   619 | D:3      | Reached XP level 5. HP: 13/33 MP: 5/5
   632 | D:3      | Slain by an orc wizard

Illustrated notes

Levels and vault maps discovered:
D:1:      giann_wishing_wells, layout_basic,
          shapermc_ecumenical_altar_mp_highgroup, glass_columns_a,
          amcnicky_mini_rare_corridor_liquid
D:2:      layout_loops_ring, serial_shops,
          nicolae_shop_temple_entry_statues_fountains, minmay_tromino_v7
D:3:      layout_basic, mainiacjoe_overflow_24_doors

Skill      XL: |  1  2  3  4 |
---------------+-------------+-----
Axes           | 3 4 |  4.0
Stealth        | 1 2 |  2.0
Armour         | 1 |  1.7
Fighting       | 4 |  4.0
Dodging        | |  2.4

Action                     |  1- 3 |  4- 6 || total
---------------------------+-------+-------++-------
  Melee: Hand axe          |    92 |    25 ||   117
 Armour: Robe              |    22 |    37 ||    59
         Leather armour    |    22 |       ||    22
         Skin              |     3 |       ||     3
  Dodge: Dodged            |    55 |    31 ||    86
